 Dungeon Crawl Stone Soup version 0.28.0-53-g5a82cb258f (webtiles) character file.

Game seed: 8643346288772528470

44 Nyth the Skirmisher (level 3, 0/34 HPs)
             Began as a Minotaur Abyssal Knight on Aug 4, 2022.
             Was a Follower of Lugonu.
             Slain by an adder (3 damage)
             ... on level 1 of the Dungeon.
             The game lasted 00:04:43 (1548 turns).

Nyth the Skirmisher (Minotaur Abyssal Knight)       Turns: 1548, Time: 00:04:44

Health: 0/34       AC:  3    Str: 19    XL:     3   Next: 41%
Magic:  3/3        EV: 11    Int:  7    God:    Lugonu [*.....]
Gold:   38         SH:  0    Dex: 10    Spells: 2/2 levels left

rFire   + . .      SeeInvis .   a - +1 falchion
rCold   . . .      Faith    .   (no shield)
rNeg    . . .      Spirit   .   b - +0 leather armour
rPois   .          Reflect  .   (helmet restricted)
rElec   .          Harm     .   (no cloak)
rCorr   +          Rampage  .   (no gloves)
Will    .....                   (no boots)
Stlth   +.........              (no amulet)
HPRegen 0.11/turn               e - ring of resist corrosion
MPRegen 0.08/turn               h - ring of protection from fire

@: lethally poisoned (0 -> -3)
A: horns 2, retaliatory headbutt
a: Renounce Religion, Depart the Abyss


You were on level 1 of the Dungeon.
You worshipped Lugonu.
Lugonu was aware of your devotion.
You visited 1 branch of the dungeon, and saw 2 of its levels.
You visited the Abyss 1 time.

You collected 38 gold pieces.

Inventory:

Hand Weapons
 a - a +1 falchion (weapon)
Armour
 b - a +0 leather armour (worn)
 d - a +0 leather armour
Jewellery
 e - a ring of resist corrosion (left hand)
 h - a ring of protection from fire (right hand)
 i - a ring of willpower
Potions
 c - a potion of degeneration
 f - a potion of ambrosia
 g - a potion of attraction {unknown}


   Skills:
 + Level 4.4 Fighting
 + Level 3.5 Long Blades
 + Level 2.5 Armour
 + Level 1.1 Dodging
 + Level 2.2 Invocations


You had 2 spell levels left.
You didn't know any spells.
Your spell library was empty.

Dungeon Overview and Level Annotations

Branches:
Dungeon (2/15)

Altars:


Innate Abilities, Weirdness & Mutations

You have a pair of horns on your head.
You reflexively headbutt those who attack you in melee.


Message History

You barely miss the adder.
You feel very sick. The adder closely misses you.
You closely miss the adder.
You feel very sick. The adder bites you. x2
You are lethally poisoned!
The adder poisons you!
You feel very sick. The adder bites you.
* * * LOW HITPOINT WARNING * * *
You climb upwards.
* * * LOW HITPOINT WARNING * * *
You feel very sick.
There is a stone staircase leading down here.
It was a potion of ambrosia.
You are confused.
You feel invigorated.
You feel sick. The adder bites you.
* * * LOW HITPOINT WARNING * * *
Unknown command.
You feel sick.
You closely miss the adder.
You feel sick. The adder barely misses you. The adder bites you.
You are more poisoned.
The adder poisons you!
You are too confused!
You feel less invigorated.
You feel less confused.
You feel sick.
Unknown command.
You hit the adder but do no damage.
You feel sick. The adder bites you.
* * * LOW HITPOINT WARNING * * *
The adder bites you.
* * * LOW HITPOINT WARNING * * *
You closely miss the adder.
You feel sick. The adder bites you but does no damage.
You hit the adder but do no damage.
You feel sick. The adder bites you.
* * * LOW HITPOINT WARNING * * *
The adder bites you.
You die...

.........#........).##.........##
.........##.......##......⌠....#.
.........####(..######.........#.
#.......## ##### ##.......###
##.....## #.# ###...### ........#
#.# ######### .###)##.# #.#
#..#.##.## .# #.##.# #.####
#....#...# .# #.##.## #.>S@#
##)##..... .###.....# ####.#
#.###...# .##...#..##### #.# #.#
##.## .#...........# #.#
##.####.# .##...#..###.# #.#
#.......# ....#....###.###.#
#.......# ......##.........#
#.####.## ####.........##### #.#
#.# ########### #.####.#


You could see an adder.

Vanquished Creatures
  2 adders (D:2)
  A dart slug (D:1)
  A worm (D:2)
  2 bats (D:1)
  4 endoplasms (D:1)
  2 hobgoblins
  A quokka (D:1)
  3 ball pythons
  A frilled lizard (D:1)
  3 kobolds (D:1)
  A rat (D:1)
21 creatures vanquished.

Notes
Turn   | Place    | Note
-------+----------+-------------------------------------------
     0 | Abyss:1  | Nyth the Minotaur Abyssal Knight began the quest for the
                  | Orb.
     0 | Abyss:1  | Reached XP level 1. HP: 19/19 MP: 1/1
     0 | D:1      | Escaped the Abyss
   276 | D:1      | Reached XP level 2. HP: 21/27 MP: 2/2
   277 | D:1      | Reached * piety under Lugonu
   608 | D:1      | Reached skill level 4 in Fighting
   715 | D:1      | Found a faded altar of an unknown god.
  1087 | D:2      | Reached XP level 3. HP: 26/34 MP: 3/3
  1141 | D:2      | HP: 1/34 [worm (8)]
  1548 | D:1      | Slain by an adder

Illustrated notes

Levels and vault maps discovered:
D:1:      dpeg_arrival_three_same_balls, layout_loops_corners,
          shapermc_ecumenical_altar_mp_highgroup
D:2:      layout_loops_ring, basic_altar, kennysheep_generic_room_4,
          uniq_jessica, uniq_sigmund

Skill      XL: |  1  2 |
---------------+-------+-----
Invocations    | 2 |  2.2
Fighting       | 4 |  4.4
Long Blades    | 3 |  3.5
Armour         | |  2.5
Dodging        | |  1.1

Action                   || total
-------------------------++-------
Melee: Falchion          ||    46
       Headbutt          ||     6
       Punch             ||     1
Invok: Depart the Abyss  ||     1
  Use: Scroll            ||     1
       Potion            ||     1
Armor: Leather armour    ||     8
Dodge: Dodged            ||    16
